 Dungeon Crawl Stone Soup version 0.31-a0-198-g2ad674f65e (webtiles) character file.

Game seed: 15323669663155993598

46 qw the Shooter (level 3, -2/20 HPs)
             Began as a Deep Elf Hunter on June 25, 2023.
             Blown up by Ijyb (20 damage)
             ... with a mindburst bolt
             ... on level 3 of the Dungeon.
             The game lasted 00:00:32 (1426 turns).

qw the Shooter (Deep Elf Hunter)                    Turns: 1426, Time: 00:00:33

Health: -2/20      AC:  7    Str: 10    XL:     3   Next: 44%
Magic:  5/5        EV: 11    Int: 13    God:
Gold:   50         SH:  0    Dex: 18    Spells: 2/2 levels left

rFire   + . .        Y - +0 shortbow
rCold   . . .        (shield currently unavailable)
rNeg    . . .        a - +0 ring mail
rPois   .            (no helmet)
rElec   .            b - +0 cloak
rCorr   .            h - +0 pair of gloves
SInv    .            (no boots)
Will    .....        (no amulet)
Stlth   +            d - ring of protection from fire
HPRegen 0.23/turn    (no ring)
MPRegen 0.09/turn

%: no passive effects
@: no status effects
A: no striking features
a: no special abilities


You were on level 3 of the Dungeon.
You visited 1 branch of the dungeon, and saw 3 of its levels.

You collected 50 gold pieces.


   Skills:
 - Level 1.5 Fighting
 + Level 7.0 Ranged Weapons
 - Level 2.4 Dodging
 - Level 1.2 Stealth


You had 2 spell levels left.
You didn't know any spells.
Your spell library was empty.

Inventory:

Hand Weapons
 Y - a +0 shortbow (weapon)
Armour
 a - a +0 ring mail (worn)
 b - a +0 cloak (worn)
 h - a +0 pair of gloves (worn)
Jewellery
 d - a ring of protection from fire (left hand)
Scrolls
 m - a scroll of identify
Potions
 e - a potion of haste {unknown}
 f - a potion of curing
 i - a potion of invisibility {unknown}
 j - a potion of might {unknown}

Dungeon Overview and Level Annotations

Branches:
Dungeon (3/15)

Altars:

Annotations:
D:3 Ijyb


Message History

1365 ||| STILL FLEEEEING.
There is an open door here.
1366 ||| STILL FLEEEEING.
1367 ||| STILL FLEEEEING.
1368 ||| STILL FLEEEEING.
1369 ||| STILL FLEEEEING.
1370 ||| FLEEEEING.
1371 ||| FLEEEEING.
1372 ||| STILL FLEEEEING.
1373 ||| FLEEEEING.
There is a stone staircase leading up here.
1374 ||| STAIRDANCE You climb upwards.
There is a stone staircase leading down here.
You start resting.
HP restored.
Done exploring.
1420 ||| DRINKING 2 sapphire potions.
It was a potion of curing.
You feel better.
Done exploring.
(D) Dungeon
Where to? (* - list waypoints, Enter - D:3, ? - help)
What level of the Dungeon? (default 1, ? - help)
You climb downwards.
Level annotation: Ijyb
There is a stone staircase leading up here.
Ijyb is nearby!
You shoot an arrow. The arrow hits Ijyb but does no damage.
You shoot an arrow. The arrow hits Ijyb but does no damage.
Ijyb hits you but does no damage.
The +1 spectral club closely misses you.
A +1 spectral club comes into view.
You shoot an arrow. The arrow hits Ijyb!
Ijyb is moderately wounded.
Ijyb hits you but does no damage. The +1 spectral club misses you.
You shoot an arrow. The arrow hits Ijyb.
Ijyb is heavily wounded.
The +1 spectral club hits you.
Ijyb zaps a wand.
Your mind is blasted!
Ouch! That really hurt!
You die...

#.....# #.....# #
#.....###########.# ....#
#...........#####g##....#
##+########.##..........#
#........#.##..........##
#........#.##............
#........................
#..........#.............
#.......@g.#.............
#........(.#.#####.......
#.##...##..#.# #.......
##'##.#)......# #.......
#.....#.###..########'####
#.....#.#......#.......#
#.....#.#.####.#.......#
#######.#......#.......#
#.....#.########.......#


You could see a +1 spectral club and Ijyb.

Vanquished Creatures
  A worm (D:2)
  3 orcs (D:2)
  5 endoplasms
  3 giant cockroaches (D:1)
  2 goblins (D:1)
  6 hobgoblins
  5 kobolds
  3 quokkas (D:1)
  2 ball pythons
  A bat (D:1)
  2 frilled lizards (D:1)
  2 rats
35 creatures vanquished.

Notes
Turn   | Place    | Note
-------+----------+-------------------------------------------
     0 | D:1      | qw the Deep Elf Hunter began the quest for the Orb.
     0 | D:1      | Reached XP level 1. HP: 12/12 MP: 3/3
     0 | D:1      | 0 ||| qw: Version: 0.3-a-21-g1b9f30f
     0 | D:1      | 0 ||| qw: Game counter: 4861
     0 | D:1      | 0 ||| qw: Melee chars always use a shield: true
     0 | D:1      | 0 ||| qw: God list: Okawaru
     0 | D:1      | 0 ||| qw: Allow faded altars: false
     0 | D:1      | 0 ||| qw: Do Orc after clearing Dungeon:15 true
     0 | D:1      | 0 ||| qw: Do second Lair branch before Depths: true
     0 | D:1      | 0 ||| qw: Lair rune preference: random
     0 | D:1      | 0 ||| qw: Goals: Normal
     0 | D:1      | 0 ||| PLANNING D:1-11
   106 | D:1      | Reached skill level 6 in Ranged Weapons
   106 | D:1      | Reached XP level 2. HP: 16/16 MP: 4/4
   570 | D:1      | You fall into a shaft and drop 1 floor!
   644 | D:2      | Reached XP level 3. HP: 14/20 MP: 5/5
   884 | D:2      | 884 ||| UPGRADING to +0 pair of gloves.
   889 | D:2      | 889 ||| UPGRADING to ring of protection from fire.
   890 | D:2      | 890 ||| READING scroll labelled YPIUNU DERPHE.
   891 | D:2      | 891 ||| READING scroll labelled VOTTOAT MAFUM.
   892 | D:2      | 892 ||| READING scroll labelled WAULOINU ZAVVA.
   897 | D:2      | 897 ||| READING scroll labelled BIYXY WUMUIM.
   898 | D:2      | 898 ||| READING 2 scrolls labelled IRUWKAR CIXUAXE.
   899 | D:2      | 899 ||| DROPPING scroll of butterflies.
   978 | D:1      | 978 ||| UPGRADING to +0 cloak.
   983 | D:1      | 983 ||| READING scroll labelled WUUBRO CUSAY.
  1111 | D:2      | Reached skill level 7 in Ranged Weapons
  1187 | D:2      | 1187 ||| UPGRADING to +0 ring mail.
  1197 | D:2      | 1197 ||| DROPPING +0 leather armour.
  1359 | D:3      | Noticed Ijyb
  1361 | D:3      | 1361 ||| FLEEEEING.
  1370 | D:3      | 1370 ||| FLEEEEING.
  1371 | D:3      | 1371 ||| FLEEEEING.
  1373 | D:3      | 1373 ||| FLEEEEING.
  1374 | D:3      | 1374 ||| STAIRDANCE
  1420 | D:2      | 1420 ||| DRINKING 2 sapphire potions.
  1426 | D:3      | Blown up by Ijyb

Levels and vault maps discovered:
D:1:      spicycebolla_green_bress_n_ham, layout_loops_cross, st_stairs_9,
          kennysheep_decorative_pillar
D:2:      layout_basic, amethyst_killhole
D:3:      layout_basic, uniq_ijyb

Skill      XL: |  1  2  3 |
---------------+----------+-----
Ranged Weapons | 6 7 |  7.0
Fighting       | |  1.5
Dodging        | |  2.4
Stealth        | |  1.2

Action                     || total
---------------------------++-------
   Fire: Shortbow          ||   104
    Use: Scroll            ||     6
         Potion            ||     1
 Armour: Leather armour    ||     7
         Ring mail         ||     2
  Dodge: Dodged            ||    20

Table legend:
 A = Non-vault XP
 B = Vault XP
 C = Vault XP percentage of total XP
 D = Non-vault monster count
 E = Vault monster count
 F = Vault count percentage of total count
                 A         B        C        D         E       F
            +---------+---------+-------+---------+---------+-------
      Total |      62 |       4 |   6.1 |      32 |       3 |   8.6
            +---------+---------+-------+---------+---------+-------
        D:1 |      31 |       4 |  11.4 |      17 |       3 |  15.0
        D:2 |      31 |       0 |   0.0 |      15 |       0 |   0.0
            +---------+---------+-------+---------+---------+-------
